 Dungeon Crawl Stone Soup version 0.25-a0-317-g5f8687bca5 (webtiles) character file.

Game seed: 8553978731199213074, levelgen mode: classic

139 Borgoz the Skirmisher (level 5, 0/49 HPs)
             Began as a Gargoyle Fighter on Dec 25, 2019.
             Killed by nerve-wracking pain
             ... invoked by an orc priest
              (5 damage)
             ... on level 4 of the Dungeon.
             The game lasted 00:02:43 (2025 turns).

Borgoz the Skirmisher (Gargoyle Fighter)            Turns: 2025, Time: 00:02:44

Health: 0/49       AC: 17    Str: 25    XL:     5   Next: 22%
Magic:  5/5        EV: 10    Int:  8    God:
Gold:   93         SH:  0    Dex: 10    Spells: 4/4 levels left

rFire    . . .     SeeInvis .   a - +0 long sword
rCold    . . .     Gourm    .   r - +0 buckler
rNeg     + . .     Faith    .   b - +0 scale mail
rPois    ∞         Spirit   .   u - +1 helmet
rElec    +         Reflect  .   (no cloak)
rCorr    .         Harm     .   (no gloves)
MR       .....                  (no boots)
Stlth    ..........             (no amulet)
HPRegen  0.16/turn              k - ring of stealth
MPRegen  0.09/turn              n - +4 ring of protection (curse)

@: confused, berserking, very quick
A: negative energy resistance 1, electricity resistance, unbreathing,
petrification resistance, rot immunity, AC +4
a: no special abilities


You were on level 4 of the Dungeon.
You were not hungry.

You visited 1 branch of the dungeon, and saw 4 of its levels.

You collected 93 gold pieces.

Inventory:

Hand Weapons
 a - a +0 long sword (weapon)
Armour
 b - a +0 scale mail (worn)
 c - a +0 shield
 r - a +0 buckler (worn)
 u - a +1 helmet (worn)
Jewellery
 k - a ring of stealth (left hand)
 n - a cursed +4 ring of protection (right hand)
Scrolls
 e - a scroll of fear {unknown}
 i - 6 scrolls of identify {unknown}
 l - 4 scrolls of teleportation {unknown}
 m - a scroll of random uselessness {unknown}
 p - 3 scrolls of remove curse {unknown}
 v - a scroll of noise {unknown}
Potions
 d - a potion of might
 g - 2 potions of curing {unknown}
 h - a potion of berserk rage
 j - a potion of cancellation {unknown}
 o - a potion of degeneration {unknown}
 s - a potion of lignification {unknown}
 t - a potion of flight {unknown}
 w - a potion of invisibility {unknown}
Comestibles
 f - 4 rations
 q - a chunk of flesh


   Skills:
 + Level 4.0 Fighting
 * Level 3.0 Long Blades
 + Level 3.8 Armour
 + Level 1.4 Dodging
 + Level 3.9 Shields


You had 4 spell levels left.
You didn't know any spells.
Your spell library was empty.

Dungeon Overview and Level Annotations

Branches:
Dungeon (4/15)
 Temple: D:4-7

Altars:


Innate Abilities, Weirdness & Mutations

You are resistant to torment.
Your stone body is resilient. (AC +4)
You are immune to poison.
You resist negative energy. (rN+)
You are resistant to electric shocks. (rElec)
You can survive without breathing.
You are immune to petrification.
You are immune to rotting.


Message History

The orc wizard hits you but does no damage.
The orc wizard barely misses you.
The orc priest calls upon Beogh to heal the orc wizard.
The orc wizard is healed somewhat.
Unknown command.
You bump into the rock wall.
The orc wizard hits you but does no damage.
The adder misses you.
You slash the orc priest!
The orc priest is heavily wounded.
The orc wizard hits you but does no damage.
The adder bites you but does no damage.
The orc wizard hits you but does no damage.
The orc priest hits you but does no damage.
You slash the orc priest!
The orc priest is almost dead.
The orc wizard barely misses you. The adder bites you but does no damage.
The orc priest mumbles some strange prayers to Beogh against you.
Pain shoots through your body!
You die...

.....# ....#
....# ....
#..## #...#
#Soo## #@o.#
#....# #...#
#....# #...##
#....#
##...###
#.....
#.....###
#.....
##......##
#.....
###.(...#
#.....
###...###.....
##...###....


You could see an orc priest, 2 orc wizards and an adder.

Vanquished Creatures
  An orc priest (D:3)
  Robin (D:3)
  4 adders
  A worm (D:4)
  A dart slug (D:1)
  2 leopard geckos
  3 orcs (D:3)
  3 bats
  2 giant cockroaches
  10 goblins (D:3)
  8 hobgoblins
  4 jackals (D:3)
  4 kobolds
  4 frilled lizards
  4 rats
52 creatures vanquished.

Notes
Turn   | Place    | Note
-------+----------+-------------------------------------------
     0 | D:1      | Borgoz the Gargoyle Fighter began the quest for the Orb.
     0 | D:1      | Reached XP level 1. HP: 14/14 MP: 1/1
   253 | D:1      | Reached XP level 2. HP: 18/19 MP: 2/2
   917 | D:2      | Reached XP level 3. HP: 17/23 MP: 3/3
  1332 | D:3      | Reached skill level 1 in Dodging
  1332 | D:3      | Reached XP level 4. HP: 11/29 MP: 4/4
  1720 | D:3      | Noticed Robin
  1731 | D:3      | Reached XP level 5. HP: 29/33 MP: 5/5
  1750 | D:3      | Killed Robin
  1764 | D:3      | Reached skill level 4 in Fighting
  2025 | D:4      | Killed from afar by an orc priest

Levels and vault maps discovered:
D:1:      minmay_arrival_plants_in_alcoves, layout_basic
D:2:      layout_basic, minmay_misc_feat_iff
D:3:      layout_basic, uniq_robin
D:4:      layout_basic, xom_teletrap_fun, serial_curves, eino_curves_04,
          eino_curves_04, first_ration, trog_hazing_becter

Skill      XL: |  1  2  3  4  5 |
---------------+----------------+-----
Long Blades    | 2 3 |  3.0
Dodging        | 1 |  1.4
Fighting       | 4 |  4.0
Armour         | |  3.8
Shields        | |  3.9

Action                   |  1- 3 |  4- 6 || total
-------------------------+-------+-------++-------
Melee: Long sword        |    94 |   102 ||   196
  Use: Potion            |     1 |     1 ||     2
  Eat: Chunk             |     1 |     3 ||     4
Armor: Scale mail        |    59 |    76 ||   135
Dodge: Dodged            |    30 |    55 ||    85
Block: Shield            |    54 |    12 ||    66
       Buckler           |       |    14 ||    14
       Rpst.: Long sword |    11 |    13 ||    24

Table legend:
 A = Non-vault XP
 B = Vault XP
 C = Vault XP percentage of total XP
 D = Non-vault monster count
 E = Vault monster count
 F = Vault count percentage of total count
                 A         B        C        D         E       F
            +---------+---------+-------+---------+---------+-------
      Total |     162 |      37 |  18.6 |      40 |      12 |  23.1
            +---------+---------+-------+---------+---------+-------
        D:1 |      20 |       0 |   0.0 |      10 |       0 |   0.0
        D:2 |      33 |       0 |   0.0 |       6 |       0 |   0.0
        D:3 |     104 |      37 |  26.2 |      23 |      12 |  34.3
        D:4 |       5 |       0 |   0.0 |       1 |       0 |   0.0
            +---------+---------+-------+---------+---------+-------
